 Seeded DCSS version 0.28-a0-180-g911e812 (webtiles) character file.

Game seed: 827138082741068476 (custom seed)

114 lyrin the Grave Robber (level 4, -1/36 HPs)
             Began as a Gargoyle Necromancer on Aug 17, 2021.
             Was an Initiate of Ru.
             Slain by a scorpion (2 damage)
             ... on level 2 of the Dungeon.
             The game lasted 00:08:39 (6217 turns).

lyrin the Grave Robber (Gargoyle Necromancer)       Turns: 6217, Time: 00:08:40

Health: -1/36      AC: 22    Str: 12    XL:     4   Next: 98%
Magic:  7/7        EV:  2    Int: 22    God:    Ru [......]
Gold:   111        SH: 14    Dex: 10    Spells: 6/7 levels left

rFire   + . .      SeeInvis .   t - +0 whip
rCold   . . .      Faith    .   l - +2 kite shield
rNeg    + + +      Spirit   .   (armour currently unavailable)
rPois   ∞          Reflect  +   (helmet currently unavailable)
rElec   .          Harm     .   (cloak currently unavailable)
rCorr   .          Rampage  .   (gloves currently unavailable)
Will    .....      NoTele   +   (boots currently unavailable)
Stlth   ++........              b - amulet of reflection
HPRegen 0.12/turn               o - +6 ring of intelligence
MPRegen 0.10/turn               r - ring of protection from fire

@: mighty, tree-form
A: stationary, stasis, torment immunity, boosted hp, sickness immunity, AC +3,
negative energy resistance 1, (electricity resistance), torment resistance 1,
petrification resistance
a: Renounce Religion


You were on level 2 of the Dungeon.
You worshipped Ru.
Ru was noncommittal.
You were a tree.
You visited 1 branch of the dungeon, and saw 4 of its levels.

You collected 111 gold pieces.

Inventory:

Hand Weapons
 t - a +0 whip (weapon)
Armour
 k - a +0 ring mail (melded)
 l - a +2 kite shield (worn)
Jewellery
 b - an amulet of reflection (around neck)
 o - a +6 ring of intelligence (left branch)
 r - a ring of protection from fire (right branch)
Scrolls
 a - 2 scrolls of fog {unknown}
 c - a scroll of vulnerability {unknown}
 e - a scroll of holy word {unknown}
 i - 2 scrolls of teleportation {unknown}
 j - 2 scrolls of immolation {unknown}
 m - a scroll of identify {unknown}
 s - a scroll of silence {unknown}
Potions
 g - a potion of flight {unknown}
 n - a potion of attraction {unknown}
 p - a potion of haste {unknown}
 q - a potion of resistance {unknown}


   Skills:
 + Level 0.6 Fighting
 - Level 0.1 Long Blades
 - Level 0.6(1.4) Axes
 * Level 2.2(2.3) Maces & Flails
 + Level 0.6 Armour
 + Level 2.2 Dodging
 - Level 2.3 Stealth
 + Level 1.9 Shields
 - Level 2.1 Spellcasting
 - Level 3.4 Necromancy


You had 6 spell levels left.
You knew the following spells:

 Your Spells              Type           Power      Damage    Failure   Level
a - Pain                  Necr           68%        1d7       19%         1

Your spell library contained the following spells:

 Spells                   Type           Power      Damage    Failure   Level
 Animate Skeleton         Necr           34%        N/A       19%         1
 Vampiric Draining        Necr           8%         2d7       47%         3
 Slow                     Hex            2%         N/A       73%         2
 Animate Dead             Necr           8%         N/A       87%         4
 Confusing Touch          Hex            2%         N/A       91%         3
 Frozen Ramparts          Ice            4%         1d2       91%         3
 Agony                    Necr           17%        N/A       99%         5
 Ice Form                 Ice/Tmut       2%         N/A       100%        4
 Summon Ice Beast         Ice/Summ       2%         N/A       100%        4


Dungeon Overview and Level Annotations

Branches:
Dungeon (4/15)
 Temple: D:4-7

Altars:
Ru


Innate Abilities, Weirdness & Mutations

You are a tree.
Your roots penetrate the ground, keeping you stationary.
You cannot be teleported.
You are immune to unholy pain and torment.
Your maximum health is greatly increased.
Your equipment is partially melded.
You are immune to sickness and miasma.
((Your stone body is resilient. (AC +3)))
You are immune to poison.
You resist negative energy. (rN+)
((You are resistant to electric shocks. (rElec)))
You are resistant to unholy torment.
You are immune to petrification.


Message History

You block the scorpion's attack.
There is a stone staircase leading up here.
You block the scorpion's attack.
You climb upwards.
There is a stone staircase leading down here.
You block the scorpion's attack. You block the scorpion's attack.
You block the scorpion's attack. The scorpion barely misses you.
The scorpion stings you.
* * * LOW HITPOINT WARNING * * *
You block the scorpion's attack. You block the scorpion's attack.
The scorpion barely misses you.
There is a stone staircase leading down here.
You block the scorpion's attack.
You climb downwards.
There is a stone staircase leading up here.
You block the scorpion's attack.
The scorpion stings you but does no damage.
The orc priest shouts!
You hear a shout!
The scorpion stings you but does no damage.
Okay, then.
It was a potion of might.
You feel very mighty all of a sudden. The scorpion stings you.
* * * LOW HITPOINT WARNING * * *
It was a potion of lignification.
You turn into a tree.
Your +0 ring mail melds into your body.
Your roots penetrate the ground.
You block the scorpion's attack.
The orc priest hits you with a +0 flail.
The orc wizard shouts!
You whack the orc priest!
The orc priest is heavily wounded.
The scorpion stings you but does no damage.
The orc priest invokes the aid of Beogh against you.
Beogh smites you!
* * * LOW HITPOINT WARNING * * *
The scorpion stings you.
You die...

#.# #.....#.......# #.
#.#######.#.#.#############.
#.........^.#.# #..... #
######.##.#o#.# #.#### #
#.##.....# #.# # ###
#.####.### ##.## # ##.## #.#
#.# ####...# ####.#.####.#
#o# #....#.# ....###.....#
#♣# #.##...# ###.....##..#
#s# #.###### ###.#.#.##..#
#.# #.# ......#.##..#
#.#######.# ......#.....#
#.#..<....# ###......##.#
#.#.#######
............####.#.#
#####.##.##.>....#.#
#####.##.##........#


You could see a scorpion, an orc priest and an orc wizard.

Vanquished Creatures
  An orc wizard (D:3)
  An iguana (D:4)
  An adder (D:4)
  2 worms
  2 dart slugs
  4 orcs
  A ball python (D:1)
  4 endoplasms
  3 giant cockroaches
  4 goblins
  7 hobgoblins
  3 bats
  3 frilled lizards (D:2)
  2 kobolds (D:1)
  3 rats
41 creatures vanquished.

Notes
Turn   | Place    | Note
-------+----------+-------------------------------------------
     0 | D:1      | lyrin the Gargoyle Necromancer began the quest for the Orb.
     0 | D:1      | Reached XP level 1. HP: 10/10 MP: 3/3
   538 | D:1      | Found a faded altar of an unknown god.
   601 | D:1      | Reached XP level 2. HP: 12/15 MP: 5/5
  2406 | D:2      | Reached XP level 3. HP: 17/19 MP: 4/6
  2743 | D:2      | Reached skill level 1 in Maces & Flails
  4672 | D:1      | Reached skill level 1 in Shields
  4991 | D:3      | Reached XP level 4. HP: 11/24 MP: 5/7
  5852 | D:4      | Noticed a water moccasin
  5964 | D:4      | Found a sacrificial altar of Ru.
  5980 | D:4      | Became a worshipper of Ru the Awakened
  6038 | D:4      | Noticed a scorpion
  6217 | D:2      | HP: 1/36 [orc priest/divine providence (10)]
  6217 | D:2      | Slain by a scorpion

Illustrated notes

Levels and vault maps discovered:
D:1:      zelgadis_glass_arrival_small, layout_basic,
          hellmonk_ecumenical_altar_arch_garden, chequers_serial_rivers_micro_c
D:2:      cheibrodos_pilgrimage, layout_loops_ring
D:3:      layout_rooms
D:4:      layout_gridville, nicolae_ru_path_of_blood, uniq_menkaure

Skill      XL: |  1  2  3  4 |
---------------+-------------+-----
Maces & Flails | 1 2 |  2.2
Dodging        | 2 |  2.2
Shields        | 1 |  1.9
Fighting       | |  0.6
Long Blades    | |  0.1
Axes           | |  0.6
Armour         | |  0.6
Stealth        | |  2.3
Spellcasting   | |  2.1
Necromancy     | |  3.4

Action                   |  1- 3 |  4- 6 || total
-------------------------+-------+-------++-------
Melee: Hand axe          |    34 |       ||    34
       Unarmed           |     6 |       ||     6
       Club              |   182 |    20 ||   202
       Long sword        |     3 |       ||     3
       Whip              |       |    25 ||    25
 Cast: Pain              |    25 |     7 ||    32
  Use: Potion            |       |     2 ||     2
 Stab: Sleeping          |     1 |       ||     1
       Distracted        |     1 |       ||     1
Armor: Robe              |    23 |       ||    23
       Ring mail         |    46 |    27 ||    73
       Skin              |       |     1 ||     1
Dodge: Dodged            |    93 |    14 ||   107
Block: Other             |    47 |       ||    47
       Kite shield       |    72 |    68 ||   140
       Reflection        |     3 |       ||     3
       Rpst.: Long sword |     1 |       ||     1

Table legend: (Time is in decaauts)
 A = Elapsed time spent in this place.
 B = Non-inter-level travel time spent in this place.
 C = Inter-level travel time spent in this place.
 D = Time resting spent in this place.
 E = Time spent auto-exploring this place.
 F = Levels seen in this place.
 G = Mean time per level.
                   A        B        C        D        E       F      G
               +--------+--------+--------+--------+--------+-----+--------+
         Total |   6325 |   6103 |    222 |   2778 |   1783 |   4 | 1581.2 |
       Dungeon |   6325 |   6103 |    222 |   2778 |   1783 |   4 | 1581.2 |
               +--------+--------+--------+--------+--------+-----+--------+

Top non-repeatable levels by time:
     D:1: 2816 daAuts
     D:2: 1668 daAuts
     D:3: 996 daAuts
     D:4: 843 daAuts
